 Dungeon Crawl Stone Soup version 0.29.1-debian-1-gc3f1650bb9 (webtiles) character file.

Game seed: 5440729015192740400

95 ytrimaz the Trooper (level 4, -4/37 HPs)
             Began as a Demonspawn Gladiator on Sept 12, 2022.
             Slain by an orc
             ... wielding a +0 war axe
              (5 damage)
             ... on level 3 of the Dungeon.
             The game lasted 00:03:05 (2346 turns).

ytrimaz the Trooper (Demonspawn Gladiator)          Turns: 2346, Time: 00:03:06

Health: -4/37      AC:  4    Str: 16    XL:     4   Next: 40%
Magic:  4/4        EV: 12    Int:  9    God:
Gold:   132        SH:  0    Dex: 15    Spells: 3/3 levels left

rFire   . . .      SeeInvis .   a - +1 war axe
rCold   . . .      Faith    .   (no shield)
rNeg    + . .      Spirit   .   b - +0 leather armour
rPois   .          Reflect  .   c - +0 helmet
rElec   .          Harm     .   (no cloak)
rCorr   .          Rampage  .   (no gloves)
Will    .....                   (no boots)
Stlth   +.........              (no amulet)
HPRegen 0.12/turn               g - ring of positive energy
MPRegen 0.09/turn               (no ring)

@: no status effects
A: claws 1, weakness stinger 1
a: no special abilities


You were on level 3 of the Dungeon.
You visited 1 branch of the dungeon, and saw 3 of its levels.

You collected 132 gold pieces.


Innate Abilities, Weirdness & Mutations

You have sharp fingernails.
You have a small tail.


   Skills:
 * Level 4.2 Fighting
 - Level 2.9 Axes
 - Level 1.7 Throwing
 + Level 3.0 Dodging
 + Level 0.4 Unarmed Combat


You had 3 spell levels left.
You didn't know any spells.
Your spell library contained the following spells:

 Spells                   Type           Power      Damage    Failure   Level
 Tukima's Dance           Hex            0%         N/A       83%         3
 Passage of Golubria      Tloc           0%         N/A       99%         4
 Yara's Violent Unravell  Hex/Tmut       0%         3d3       100%        5

Inventory:

Hand Weapons
 a - a +1 war axe (weapon)
Missiles
 d - 3 throwing nets (quivered)
 e - a javelin
Armour
 b - a +0 leather armour (worn)
 c - a +0 helmet (worn)
Jewellery
 g - a ring of positive energy (left claw)
   (You found it on level 1 of the Dungeon)
Scrolls
 h - 2 scrolls of blinking {unknown}
 i - 3 scrolls of teleportation
 j - a scroll of poison {unknown}
 k - a scroll of summoning {unknown}
 l - a scroll of identify
 m - a scroll of acquirement {unknown}
 o - a scroll of noise {unknown}
Potions
 f - 2 potions of curing {unknown}
 n - a potion of flight {unknown}

Dungeon Overview and Level Annotations

Branches:
Dungeon (3/15) Zot: 15605

Altars:

######## .......#
######.# .# #.# .#
#.# #############
.#
#.####....o))....##
.#
#..<.......@o(.....
.#
######.#########.##
.# #.# .# #.# .#
#.# .# #.# .# #.#
.##########.#
............#


You could see 2 orcs.


Message History

You take 2 damage, and now have 35/37 hp.
You slash the endoplasm!
You kill the endoplasm! 😕 HP[+1] No target in view!
Key pressed, stopping explore.
Unknown command.
Key pressed, stopping explore.
No target in view! 😎 HP[+1]
Your hp is fully restored (37).
A bat comes into view.
The bat barely misses you.
A bat is nearby!
A bat is nearby!
You hit the bat. You tail-slap the bat.
You kill the bat!
An adder comes into view.
The adder hisses angrily.
You closely miss the adder. The adder bites you but does no damage.
You miss the adder. The adder bites you.
The adder bites you but does no damage. 😕 HP[-2]
You take 2 damage, and now have 35/37 hp.
You slash the adder!
You kill the adder!
You see here an adder corpse.
Key pressed, stopping explore. 2 orcs come into view.
The orc shouts! x2
The orc moves out of view.
An orc comes into view. It is wielding a +0 whip. 😎 HP[+2]
Your hp is fully restored (37).
Unknown command.
An orc comes into view. It is wielding a +0 club.
The orc shouts!
An orc comes into view. It is wielding a +0 club.
There are monsters nearby!
The orc shouts!
There are monsters nearby!
The orc shouts!
The orc hits you with a +0 club. 😕 HP[-3]
You take 3 damage, and now have 34/37 hp.
There are monsters nearby!
You slash the orc!
You kill the orc!
The orc closely misses you.
You hit the orc. You barely miss the orc. The orc hits you with a +0 club.
The orc misses you. The orc closely misses you.
The orc hits you with a +0 whip. The orc hits you with a +0 club.
Things that are here:
a +0 club; an orc corpse; 😕 HP[-6]
You take 6 damage, and now have 28/37 hp.
You slash the orc!
You kill the orc!
You closely miss the orc. You hit the orc but do no damage. You hit the orc.
The orc hits you with a +0 whip. The orc closely misses you.
The orc hits you with a +0 war axe!
* * * LOW HITPOINT WARNING * * *
😨 HP[-11]
You take 11 damage, and now have 17/37 hp.
MASSIVE DAMAGE!! (PAUSE)
You are too injured to fight recklessly!
You are too injured to fight recklessly!
Unknown command.
You barely miss the orc. You hit the orc but do no damage. You hit the orc.
The orc closely misses you. x2; The orc barely misses you.
The orc hits you with a +0 war axe.
* * * LOW HITPOINT WARNING * * *
The orc hits you but does no damage. The orc hits you with a +0 whip.
* * * LOW HITPOINT WARNING * * *
😱 HP[-8]
You take 8 damage, and now have 9/37 hp.
MASSIVE DAMAGE!! (PAUSE)
You barely miss the orc. You hit the orc.
You kill the orc!
You hit the orc but do no damage. The orc misses you.
The orc barely misses you.
Unknown command.
You hit the orc. You tail-slap the orc. You hit the orc but do no damage.
The orc hits you with a +0 club.
* * * LOW HITPOINT WARNING * * *
The orc closely misses you. 😱 HP[-3]
You take 3 damage, and now have 6/37 hp.
Unknown command.
You hit the orc but do no damage. You barely miss the orc.
The orc hits you with a +0 club.
* * * LOW HITPOINT WARNING * * *
The orc closely misses you. The orc hits you with a +0 war axe.
* * * LOW HITPOINT WARNING * * *
The orc hits you but does no damage. 😱 HP[-5]
You take 5 damage, and now have 1/37 hp.
Unknown command.
You closely miss the orc. x2; The orc barely misses you.
The orc hits you with a +0 war axe.
You die...

Skill      XL: |  1  2  3  4 |
---------------+-------------+-----
Fighting       | 3 4 |  4.2
Dodging        | 3 |  3.0
Axes           | |  2.9
Throwing       | |  1.7
Unarmed Combat | |  0.4

Action                   |  1- 3 |  4- 6 || total
-------------------------+-------+-------++-------
Melee: War axe           |   108 |    23 ||   131
       Punch             |     2 |       ||     2
       Tailslap          |     7 |     3 ||    10
  Use: Scroll            |     4 |       ||     4
       Potion            |     1 |       ||     1
 Stab: Sleeping          |     2 |       ||     2
Armor: Leather armour    |    49 |    10 ||    59
Dodge: Dodged            |    97 |    22 ||   119

Levels and vault maps discovered:
D:1:      minmay_arrival_doors, layout_basic,
          hellmonk_ecumenical_altar_pennies_from_heaven,
          corexii_item_surrounded_by_moat, minmay_misc_feat_pillars,
          roderic_roman_lattice, minmay_tetromino_t2
D:2:      layout_rooms, serial_corexii_hall, corexii_hall_statues_x,
          corexii_hall_statues_i
D:3:      layout_loops_ring, zin_scriptorium

Notes
Turn   | Place    | Note
-------+----------+-------------------------------------------
     0 | D:1      | ytrimaz the Demonspawn Gladiator began the quest for the
                  | Orb.
     0 | D:1      | Reached XP level 1. HP: 16/16 MP: 1/1
     0 | D:1      | magus.rc [v1.9.6]
   232 | D:1      | You feel monstrous as your demonic heritage exerts itself.
   232 | D:1      | Discovered your monstrous ancestry.
   232 | D:1      | Gained mutation: You have a small tail. [demonic ancestry]
   232 | D:1      | Reached XP level 2. HP: 20/23 MP: 2/2
   558 | D:1      | Reached skill level 3 in Fighting
   931 | D:1      | Found a faded altar of an unknown god.
  1206 | D:2      | You add the spells Tukima's Dance, Passage of Golubria and
                  | Yara's Violent Unravelling to your library.
  1268 | D:2      | Reached XP level 3. HP: 28/29 MP: 3/3
  2119 | D:3      | Reached skill level 4 in Fighting
  2119 | D:3      | Gained mutation: You have sharp fingernails. [demonic
                  | ancestry]
  2119 | D:3      | Reached XP level 4. HP: 36/37 MP: 4/4
  2151 | D:3      | Reached skill level 3 in Dodging
  2342 | D:3      | HP: 9/37 [orc/+0 whip (3)]
  2345 | D:3      | HP: 4/37 [orc/+0 club (3)]
  2345 | D:3      | HP: 1/37 [orc/+0 war axe (3)]
  2346 | D:3      | Slain by an orc

Vanquished Creatures
  3 adders
  An ufetubus (D:3)
  A worm (D:2)
  A dart slug (D:1)
  3 orcs (D:3)
  A ball python (D:1)
  7 bats
  6 endoplasms
  3 giant cockroaches
  3 hobgoblins
  3 jackals (D:3)
  2 frilled lizards
  8 goblins
  3 kobolds
  7 rats
52 creatures vanquished.

Table legend:
 A = Non-vault XP
 B = Vault XP
 C = Vault XP percentage of total XP
 D = Non-vault monster count
 E = Vault monster count
 F = Vault count percentage of total count
                 A         B        C        D         E       F
            +---------+---------+-------+---------+---------+-------
      Total |     134 |       3 |   2.2 |      50 |       2 |   3.8
            +---------+---------+-------+---------+---------+-------
        D:1 |      31 |       3 |   8.8 |      18 |       2 |  10.0
        D:2 |      39 |       0 |   0.0 |      15 |       0 |   0.0
        D:3 |      64 |       0 |   0.0 |      17 |       0 |   0.0
            +---------+---------+-------+---------+---------+-------

Illustrated notes

Table legend:
 A = Kills in this place as a percentage of kills in entire the game.
 B = Kills by you in this place as a percentage of kills by you in the entire game.
 C = Kills by friends in this place as a percentage of kills by friends in the entire game.
 D = Other kills in this place as a percentage of other kills in the entire game.
 E = Experience gained in this place as a percentage of experience gained in the entire game.
 F = Experience gained in this place divided by the number of levels of this place that you have seen.
                   A       B       C       D       E      F
               +-------+-------+-------+-------+-------+----------------------
         Total | 100.0 | 100.0 |   N/A |   N/A | 100.0 |  45.7
       Dungeon | 100.0 | 100.0 |   N/A |   N/A | 100.0 |  45.7
               +-------+-------+-------+-------+-------+----------------------

Table legend: (Time is in decaauts)
 A = Elapsed time spent in this place.
 B = Non-inter-level travel time spent in this place.
 C = Inter-level travel time spent in this place.
 D = Time resting spent in this place.
 E = Time spent auto-exploring this place.
 F = Levels seen in this place.
 G = Mean time per level.
                   A        B        C        D        E       F      G
               +--------+--------+--------+--------+--------+-----+--------+
         Total |   2393 |   2366 |     27 |      0 |   1963 |   3 |  797.7 |
       Dungeon |   2393 |   2366 |     27 |      0 |   1963 |   3 |  797.7 |
               +--------+--------+--------+--------+--------+-----+--------+

Top non-repeatable levels by time:
     D:1: 1116 daAuts
     D:2: 831 daAuts
     D:3: 444 daAuts
